 Dungeon Crawl Stone Soup version 0.21-a0-442-g848f44b (webtiles) character file.

765 4thArraOfDagon the Slasher (level 7, 0/96 HPs)
             Began as a Naga Berserker on Nov 15, 2017.
             Was a Believer of Trog.
             Slain by a water moccasin zombie (1 damage)
             ... on level 5 of the Dungeon.
             The game lasted 00:08:42 (1624 turns).

4thArraOfDagon the Slasher (Naga Berserker)         Turns: 1624, Time: 00:08:43

Health: 0/96       AC:  5    Str: 24    XL:     7   Next: 81%
Magic:  0/7        EV:  9    Int:  9    God:    Trog [**....]
Gold:   134        SH:  0    Dex: 11    Spells: 6/6 levels left

rFire    . . .     SeeInvis +   a - +0 falchion
rCold    . . .     Gourm    .   (no shield)
rNeg     . . .     Faith    .   i - +0 ring mail
rPois    +         Spirit   +   (no helmet)
rElec    .         Reflect  .   (no cloak)
rCorr    .         Harm     .   (no gloves)
MR       ++...                  (no barding)
Stlth    ..........             j - amulet of guardian spirit
HPRegen  1.26/turn              r - ring of loudness (curse)
MPRegen  0.10/turn              (no ring)

@: mighty, berserking (expiring), regenerating, quick
A: see invisible, deformed body, poison resistance, slowness 2, slow metabolism
1, spit poison 1, AC +2
a: Spit Poison, Berserk, Trog's Hand, Burn Spellbooks, Renounce Religion


You were on level 5 of the Dungeon.
You worshipped Trog.
Trog was pleased with you.
You were near starving.

You visited 1 branch of the dungeon, and saw 5 of its levels.

You collected 134 gold pieces.

Inventory:

Hand Weapons
 a - a +0 falchion (weapon)
 y - a cursed -1 giant club
Armour
 b - a +0 animal skin
 i - a +0 ring mail (worn)
Jewellery
 d - an uncursed ring of ice
 j - an amulet of guardian spirit (around neck)
 r - a cursed ring of loudness (left hand)
Scrolls
 f - 8 scrolls of remove curse {unknown}
 g - a scroll of teleportation {unknown}
 h - a scroll of fear {unknown}
 k - 2 scrolls of immolation {unknown}
 m - 3 scrolls of amnesia {unknown}
 o - a scroll of enchant armour {unknown}
 p - 5 scrolls of identify {unknown}
 u - a scroll of noise {unknown}
Potions
 c - a potion of degeneration {unknown}
 l - a potion of might
 n - 2 potions of agility {unknown}
 s - a potion of haste {unknown}
 w - a potion of berserk rage {unknown}
Comestibles
 q - a royal jelly
 t - 3 meat rations
 v - a chunk of flesh
 x - a bread ration


   Skills:
 - Level 4.3 Fighting
 * Level 7.9 Long Blades
 - Level 2.1 Armour
 - Level 2.1 Dodging


You had 6 spell levels left.
You didn't know any spells.

Dungeon Overview and Level Annotations

Branches:
Dungeon (5/15)             Temple (0/1) D:4

Altars:

Shops:
D:4 =   D:5 =


Innate Abilities, Weirdness & Mutations

You cannot wear boots.
Your serpentine skin is tough. (AC +2)
You have supernaturally acute eyesight. (SInv)
Armour fits poorly on your strangely shaped body.
Your system is resistant to poisons. (rPois)
You cover ground very slowly.
You have a slow metabolism.
You can spit poison.


Message History

Unknown command.
Unknown command.
You slash the orc wizard!
You feel the power of Trog in you as your rage grows.
You kill the orc wizard!
Trog accepts your kill.
Trog appreciates your killing of a magic user.
The water moccasin zombie closely misses you.
You riposte.
You slash the water moccasin zombie!
The water moccasin zombie is moderately damaged.
The quokka zombie bites you.
* * * LOW HITPOINT WARNING * * *
Unknown command.
Unknown command.
You barely miss the water moccasin zombie.
The water moccasin zombie is moderately damaged.
The orc hits you with a club.
* * * LOW HITPOINT WARNING * * *
The water moccasin zombie bites you.
You die...

#......... .. O .
........###.# .#
.....$........# #... ..
..............# #... #.
......#.......####... #.
.......h............. #.
.$$$..#ZZ.....##..... #.
#$∩$.oo@>............ #.
#$$$..##((.(..#.##..)##.
#.... ######.#.##......
#.#. ######.#.######.. .
# ..................
..#.......#######.
#......## #. #......# #.
##.# .≈≈##. #....... ##


You could see 2 orcs, a water moccasin zombie, a quokka zombie and a jackal.

Vanquished Creatures
  Edmund (D:5)
  A sky beast (D:4)
  2 ogres
  A centaur (D:5)
  A jelly (D:5)
  An orc priest (D:5)
  An orc wizard (D:5)
  An iguana (D:4)
  3 worker ants
  A hound skeleton (D:4)
  3 adders
  An adder skeleton (D:4)
  3 worms (D:2)
  4 dart slugs (D:5)
  2 leopard geckos
  7 orcs
  5 giant cockroaches
  9 goblins
  8 hobgoblins
  4 jackals (D:1)
  A kobold (D:3)
  A quokka (D:3)
  5 bats
  A leopard gecko skeleton (D:4)
  3 rats
70 creatures vanquished.

Notes
Turn   | Place    | Note
-------+----------+-------------------------------------------
     0 | D:1      | 4thArraOfDagon the Naga Berserker began the quest for the Orb.
     0 | D:1      | Reached XP level 1. HP: 21/21 MP: 1/1
   108 | D:2      | Reached XP level 2. HP: 28/28 MP: 2/2
   292 | D:1      | Reached XP level 3. HP: 34/34 MP: 3/3
   422 | D:1      | Reached ** piety under Trog
   660 | D:3      | Reached XP level 4. HP: 37/42 MP: 4/4
   945 | D:3      | Reached skill level 4 in Long Blades
  1071 | D:4      | Found a staircase to the Ecumenical Temple.
  1124 | D:4      | Reached XP level 5. HP: 13/50 MP: 3/5
  1158 | D:4      | Found Yti Bal's Jewellery Emporium.
  1232 | D:4      | Noticed an ogre
  1243 | D:4      | Killed an ogre
  1243 | D:4      | Reached skill level 5 in Long Blades
  1243 | D:4      | Reached XP level 6. HP: 44/57 MP: 3/6
  1291 | D:4      | Noticed a sky beast
  1308 | D:4      | Killed a sky beast
  1308 | D:4      | Reached skill level 6 in Long Blades
  1352 | D:5      | Entered Level 5 of the Dungeon
  1398 | D:5      | Reached XP level 7. HP: 64/64 MP: 7/7
  1555 | D:5      | Noticed Edmund
  1570 | D:5      | Killed Edmund
  1570 | D:5      | Reached skill level 7 in Long Blades
  1601 | D:5      | Found Ceolew's Jewellery Shop.
  1620 | D:5      | HP: 3/96 [water moccasin zombie (3)]
  1623 | D:5      | HP: 1/96 [quokka zombie (3)]
  1624 | D:5      | Slain by a water moccasin zombie

Vault maps used:
D:1:      dpeg_arrival_water_altar, minmay_unequal
D:3:      okawaru_altar_gauntlet_db, dk_noncrumbling_4
D:4:      minmay_temple_entry_overgrown, serial_shops, shop, first_bread
D:5:      kennysheep_slugbush, serial_shops, shop, shop_coins,
          nrook_pool_corridor, uniq_edmund

Skill      XL: |  1  2  3  4  5  6  7 |
---------------+----------------------+-----
Dodging        | 2 |  2.1
Armour         | 2 |  2.1
Long Blades    | 4 5 6 7 |  7.9
Fighting       | 4 |  4.3

Action                   |  1- 3 |  4- 6 |  7- 9 || total
-------------------------+-------+-------+-------++-------
Melee: Falchion          |    68 |    75 |    38 ||   181
Invok: Berserk           |     5 |     5 |     4 ||    14
       Trog's Hand       |       |     1 |     1 ||     2
 Abil: Spit Poison       |    20 |    18 |     3 ||    41
  Use: Potion            |     2 |     1 |     2 ||     5
  Eat: Chunk             |     1 |     5 |     4 ||    10
       Bread ration      |     1 |       |       ||     1
       Royal jelly       |       |     1 |       ||     1
Armor: Ring mail         |    30 |    33 |    15 ||    78
Dodge: Dodged            |    55 |    38 |    23 ||   116
       Rpst.: Falchion   |    20 |    15 |     9 ||    44

Table legend:
 A = Spawn XP
 B = Non-spawn XP
 C = Spawn XP percentage of total XP
 D = Spawn monster count
 E = Non-spawn monster count
 F = Spawn count percentage of total count
 G = Total turns spent on level
                    A         B        C        D         E        F      G
               +---------+---------+-------+---------+---------+-------+---------
         Total |       0 |    1093 |   0.0 |       0 |      70 |   0.0 |  1624
               +---------+---------+-------+---------+---------+-------+---------
           D:1 |       0 |      30 |   0.0 |       0 |      17 |   0.0 |   290
           D:2 |       0 |      43 |   0.0 |       0 |      12 |   0.0 |   286
           D:3 |       0 |      50 |   0.0 |       0 |      18 |   0.0 |   436
           D:4 |       0 |     400 |   0.0 |       0 |      11 |   0.0 |   350
           D:5 |       0 |     570 |   0.0 |       0 |      12 |   0.0 |   262
               +---------+---------+-------+---------+---------+-------+---------
